 Dungeon Crawl Stone Soup version 0.30-a0-540-g0af01429fa (webtiles) character file.

Game seed: 12829326713096607430

4850 Newt the Skirmisher (level 10, -8/53 HPs)
             Began as a Kobold Hunter on Dec 25, 2022.
             Was a Priest of Hepliaklqana.
             Mangled by Joseph
             ... wielding a +5 spectral quarterstaff
              (15 damage)
             ... on level 7 of the Dungeon.
             The game lasted 00:08:15 (6747 turns).

Newt the Skirmisher (Kobold Hunter)                 Turns: 6747, Time: 00:08:16

Health: -8/53      AC: 14    Str: 10    XL:     10   Next: 78%
Magic:  14/14      EV: 10    Int: 11    God:    Hepliaklqana [***...]
Gold:   463        SH:  0    Dex: 21    Spells: 9/9 levels left

rFire   + . .      SeeInvis +    a - +2 shortbow (flame)
rCold   . . .      Faith    .    (shield currently unavailable)
rNeg    . . .      Spirit   .    D - +2 chain mail {Will+}
rPois   .          Reflect  .    (no helmet)
rElec   .          Harm     .    h - +0 cloak
rCorr   .          Rampage  .    t - +0 pair of gloves
Will    +....                    (no boots)
Stlth   ++                       (no amulet)
HPRegen 0.28/turn                e - ring of protection from fire
MPRegen 0.14/turn                o - ring of see invisible

@: no status effects
A: reduced essence, small, no large weapons, nightstalker 3
a: Renounce Religion, Recall Ancestor, Ancestor Identity, Transference


You were on level 7 of the Dungeon.
You worshipped Hepliaklqana.
Hepliaklqana was most pleased with you.
You visited 1 branch of the dungeon, and saw 7 of its levels.
You also visited: Ossuary.

You collected 463 gold pieces.

Inventory:

Hand Weapons
 a - a +2 shortbow of flaming (weapon)
 l - a +0 sling
Armour
 c - a +0 leather armour
 g - a +0 buckler
 h - a +0 cloak (worn)
 q - a +3 ring mail
 t - a +0 pair of gloves (worn)
 D - a +2 chain mail of willpower (worn)
Jewellery
 e - a ring of protection from fire (left hand)
 o - a ring of see invisible (right hand)
 w - a ring of fire
Wands
 p - a wand of polymorph (4)
 A - a wand of light (11)
Scrolls
 b - a scroll of immolation
 d - 4 scrolls of teleportation
 r - 5 scrolls of poison
 v - 3 scrolls of noise
 y - a scroll of identify
 B - 2 scrolls of magic mapping
 C - a scroll of blinking {unknown}
Potions
 f - 4 potions of brilliance
 i - a potion of resistance
 j - 4 potions of heal wounds
 k - 4 potions of curing
 m - a potion of attraction
 n - a potion of magic
 s - 2 potions of might
 u - a potion of cancellation
 x - a potion of haste
 z - a potion of mutation {unknown}


   Skills:
 - Level 5.0 Fighting
 + Level 12.2 Ranged Weapons
 - Level 6.2 Armour
 - Level 9.4 Dodging
 - Level 6.0 Stealth
 - Level 6.4 Invocations
 - Level 7.1 Evocations


You had 9 spell levels left.
You didn't know any spells.
Your spell library contained the following spells:

 Spells                   Type           Power      Damage    Failure   Level
 Apportation              Tloc           0%         N/A       100%        1
 Blink                    Tloc           0%         N/A       100%        2
 Cigotuvi's Dreadful Rot  Necr/Pois/Air  0%         N/A       100%        2
 Poisonous Vapours        Pois/Air       0%         N/A       100%        2
 Gell's Gravitas          Tloc           0%         N/A       100%        3
 Ignite Poison            Fire/Tmut/Pois 0%         N/A       100%        3
 Kindle Blastsparks       Fire/Tloc/Air  0%         2d10      100%        3
 Mephitic Cloud           Conj/Pois/Air  0%         N/A       100%        3
 Teleport Other           Tloc           0%         N/A       100%        3
 Manifold Assault         Tloc           0%         N/A       100%        4
 Alistair's Intoxication  Tmut/Pois      0%         N/A       100%        5
 Borgnjor's Vile Clutch   Necr/Erth      0%         N/A       100%        5
 Freezing Cloud           Conj/Ice/Air   0%         6-21      100%        5
 Dispersal                Tloc           0%         N/A       100%        6
 Eringya's Noxious Bog    Tmut/Pois      0%         N/A       100%        6
 Storm Form               Tmut/Air       0%         N/A       100%        7


Dungeon Overview and Level Annotations

Branches:
Dungeon (7/15)            Ossuary (visited)
 Temple: D:4-7

Altars:
Ashenzari
Hepliaklqana
Kikubaaqudgha
Nemelex Xobeh
Qazlal
Ru
Sif Muna
Uskayaw
Xom

Annotations:
D:7 Joseph


Innate Abilities, Weirdness & Mutations

Your life essence is reduced to manifest your ancestor. (-10% HP)
You are small and have problems with some larger weapons.
You are completely attuned to the shadows.


Message History

Necuametl hits Joseph with a +0 flail.
Joseph shoots a sling bullet.
The sling bullet hits you!
Necuametl hits Joseph but does no damage.
You shoot an arrow. The arrow hits Joseph.
The arrow burns Joseph.
Joseph is heavily wounded.
Necuametl barely misses Joseph.
You shoot an arrow. The arrow barely misses Joseph.
Joseph shoots a sling bullet.
The sling bullet hits you!
Necuametl barely misses Joseph.
Joseph shoots a sling bullet.
The sling bullet hits you!
Necuametl hits Joseph with a +0 flail.
You are too injured to fight recklessly!
You are too injured to fight recklessly!
You are too injured to fight recklessly!
You are too injured to fight recklessly!
Unknown command.
Fire: a) +2 shortbow (flame)
Press: ? - help, Shift-Dir - straight line, f/p - Joseph
Aim: Joseph, wielding a +0 sling and wearing a +3 ring mail of cold resistance (heavily wounded, not watching you, ally target, 74% to hit)
You shoot an arrow. The arrow hits Joseph.
The arrow burns Joseph.
Joseph is severely wounded.
Aiming: Bolt of Light
Press: ? - help, Shift-Dir - straight line, f/p - Joseph
Aim: Joseph, wielding a +0 sling and wearing a +3 ring mail of cold resistance (severely wounded, ally target, 77% to hit)
The bolt of light hits Joseph!
Joseph is almost dead.
Joseph is blinded.
Joseph unwields a +0 sling.
Joseph wields a +5 spectral quarterstaff.
Joseph hits you with a +5 spectral quarterstaff!
* * * LOW HITPOINT WARNING * * *
Necuametl hits Joseph but does no damage.
Fire: a) +2 shortbow (flame)
Press: ? - help, Q - select action, (/) - cycle Shift-Dir - straight line, f/p - Joseph
Aim: Joseph, wielding a +5 spectral quarterstaff and wearing a +3 ring mail of cold resistance (almost dead, blind, ally target, 74% to hit)
You shoot an arrow.
The arrow hits Joseph but does no damage.
Joseph is almost dead.
Necuametl barely misses Joseph.
Joseph hits you with a +5 spectral quarterstaff!
You die...

.......))).......##.#....
......#...####........).
...........####......##.#
8.8.8........#....##.##..
.........#.#.............
#.......#.#.##.#.##.###.
##..#R.##...##.#.##.###.
###.##.###...##..........
###......@@....##.#.#.##.##
##...>....R)..)))..#........
#..#......###...##.#.#.#.##.
##.......#.###.#.##.(.#......
##.#######..##..#.##.#...).)#)
##.#.[~~~..#.##.##....#.#..(.).
##.#..~...~..#.#.##.##.......)#.
##.#...~._.~...#..##.##.#.##.#.#.
....#..~...~..#..###.............


You could see the friendly Necuametl the knight and Joseph (blind, ally target).

Vanquished Creatures
  Menkaure (D:4)
  Duvessa (D:7)
  A black bear (D:3)
  An ice beast (D:7)
  3 centaurs
  A phantom (D:6)
  An elf zombie (D:5)
  2 elf skeletons (D:5)
  2 bullfrogs (D:7)
  A necrophage (D:6)
  A scorpion (D:6)
  5 wights (D:7)
  Dowan (D:7)
  3 killer bees (D:7)
  2 howler monkeys (D:7)
  2 centaur zombies (Ossuary)
  2 jellies
  3 orc priests
  A hound (D:4)
  A human skeleton (D:5)
  5 iguanas
  7 orc wizards
  A mummy (Ossuary)
  9 adders
  A shadow imp (D:7)
  A white imp (D:5)
  3 ufetubi
  5 dart slugs
  31 orcs
  7 ball pythons
  A bat zombie (D:6)
  2 endoplasms
  2 giant cockroaches
  9 goblins
  4 hobgoblins
  9 kobolds
  4 quokkas
  9 bats
  3 frilled lizards
  A gnoll zombie (Ossuary)
  4 goblin zombies (Ossuary)
  2 orc skeletons (D:5)
  7 rats
  A rat zombie (D:6)
163 creatures vanquished.

Vanquished Creatures (collateral kills)
  A black bear (D:5)
  An ice beast (D:7)
  A necrophage (D:7)
  A scorpion (D:4)
  4 wights (D:7)
  2 killer bees (D:7)
  A howler monkey (D:7)
  4 iguanas
  4 mummies (Ossuary)
  An adder (D:5)
  2 white imps
  6 orcs
  A jackal (D:5)
  A kobold zombie (Ossuary)
30 creatures vanquished.

Vanquished Creatures (others)
  A knight (D:7)
  An orc wizard (D:7)
  An ufetubus (D:5)
3 creatures vanquished.

Grand Total: 196 creatures vanquished

Notes
Turn   | Place    | Note
-------+----------+-------------------------------------------
     0 | D:1      | Newt the Kobold Hunter began the quest for the Orb.
     0 | D:1      | Reached XP level 1. HP: 12/12 MP: 1/1
   218 | D:1      | Reached XP level 2. HP: 17/17 MP: 2/2
   242 | D:1      | Reached skill level 6 in Ranged Weapons
   523 | D:1      | Reached XP level 3. HP: 20/21 MP: 3/3
  1247 | D:2      | Reached skill level 7 in Ranged Weapons
  1305 | D:2      | Reached XP level 4. HP: 26/26 MP: 4/4
  1492 | D:2      | Found a hazy altar of Hepliaklqana.
  1550 | D:2      | Became a worshipper of Hepliaklqana the Forgotten
  1753 | D:3      | HP: 1/26 [orc/+0 morningstar (6)]
  2023 | D:3      | Found a broken altar of Ashenzari.
  2102 | D:3      | Reached skill level 8 in Ranged Weapons
  2102 | D:3      | Reached XP level 5. HP: 30/30 MP: 5/5
  2138 | D:3      | Reached XP level 6. HP: 29/35 MP: 6/6
  2356 | D:3      | Noticed a black bear
  2364 | D:3      | Killed a black bear
  2365 | D:3      | Reached skill level 5 in Dodging
  2511 | D:3      | Reached XP level 7. HP: 40/40 MP: 7/7
  2630 | D:3      | Found a stormy altar of Qazlal.
  2645 | D:3      | Reached * piety under Hepliaklqana
  2691 | D:3      | Found a sparkling altar of Nemelex Xobeh.
  2848 | D:4      | Noticed Menkaure
  2854 | D:4      | Killed Menkaure
  2881 | D:4      | Reached skill level 5 in Stealth
  3303 | D:4      | Reached XP level 8. HP: 43/43 MP: 8/8
  3530 | D:4      | Reached ** piety under Hepliaklqana
  3531 | D:4      | Remembered your ancestor Necuametl as a knight
  3858 | D:5      | Entered Level 5 of the Dungeon
  3918 | D:5      | Reached skill level 5 in Fighting
  3931 | D:5      | Found a sand-covered staircase.
  3942 | Ossuary  | Entered an ossuary
  3974 | Ossuary  | Reached skill level 9 in Ranged Weapons
  4349 | D:5      | Reached skill level 10 in Ranged Weapons
  4478 | D:5      | Reached skill level 1 in Armour
  4485 | D:5      | Found a shimmering altar of Xom.
  4488 | D:5      | Reached XP level 9. HP: 48/48 MP: 9/9
  4952 | D:5      | Reached XP level 10. HP: 53/53 MP: 9/14
  5318 | D:6      | Reached *** piety under Hepliaklqana
  5712 | D:6      | Found an ancient bone altar of Kikubaaqudgha.
  6024 | D:6      | Found a shimmering blue altar of Sif Muna.
  6134 | D:7      | Reached skill level 11 in Ranged Weapons
  6170 | D:7      | Noticed Dowan
  6173 | D:7      | Noticed Duvessa
  6175 | D:7      | Killed Dowan
  6184 | D:7      | Killed Duvessa
  6411 | D:7      | Reached skill level 12 in Ranged Weapons
  6458 | D:7      | Found a hide-covered altar of Uskayaw.
  6554 | D:7      | Found a sacrificial altar of Ru.
  6738 | D:7      | Noticed Joseph
  6747 | D:7      | Mangled by Joseph

Illustrated notes

Levels and vault maps discovered:
D:1:      dpeg_arrival_lava_temple_mockup, layout_basic, st_stairs_6
D:2:      minmay_diamond_boxcup, layout_basic, basic_altar,
          chequers_serial_rivers_room_b, minmay_worlds_worst_comb
D:3:      layout_basic, overflow_temple_1_default, general_overflow_altar,
          mainiacjoe_overflow_tiny_flanked
D:4:      layout_loops_corners, uniq_menkaure
D:5:      layout_basic, xom_confusion_cloud, nicolae_ossuary_entry_catacombs,
          lightli_corner_chamber
D:6:      layout_loops_corners, lemuel_blue_sif_altar,
          lemuel_zombie_altar_kikubaaqudgha, kennysheep_decorative_pillar
D:7:      layout_rooms, nicolae_ru_awakened_eye, eat_drink_and_be_merry_uskayaw,
          minmay_temple_entry_gardened_gates, minmay_diced_spiral, uniq_joseph,
          uniq_duvessa

Skill      XL: |  1  2  3  4  5  6  7  8  9 10 |
---------------+-------------------------------+-----
Ranged Weapons | 6 7 8 10 12 | 12.2
Dodging        | 4 6 9 |  9.4
Stealth        | 2 6 |  6.0
Fighting       | 4 5 |  5.0
Armour         | 2 6 |  6.2
Invocations    | 6 |  6.4
Evocations     | 7 |  7.1

Action                   |  1- 3 |  4- 6 |  7- 9 | 10-12 || total
-------------------------+-------+-------+-------+-------++-------
 Fire: Shortbow          |    90 |    83 |   217 |   131 ||   521
Invok: Ancestor Life: Kn |       |       |     1 |       ||     1
Evoke: Wand              |       |       |       |     1 ||     1
  Use: Scroll            |     3 |     5 |     6 |     4 ||    18
       Potion            |     1 |     2 |     2 |       ||     5
Armor: Leather armour    |    10 |     8 |     6 |       ||    24
       Skin              |       |    15 |       |       ||    15
       Ring mail         |       |       |    15 |    22 ||    37
Dodge: Dodged            |    20 |    32 |    68 |   132 ||   252

Table legend: (Time is in decaauts)
 A = Elapsed time spent in this place.
 B = Non-inter-level travel time spent in this place.
 C = Inter-level travel time spent in this place.
 D = Time resting spent in this place.
 E = Time spent auto-exploring this place.
 F = Levels seen in this place.
 G = Mean time per level.
                   A        B        C        D        E       F      G
               +--------+--------+--------+--------+--------+-----+--------+
         Total |   6840 |   6612 |    228 |    379 |   5182 |   8 |  855.0 |
       Dungeon |   6491 |   6263 |    228 |    256 |   5066 |   7 |  927.3 |
       Ossuary |    348 |    348 |      0 |    123 |    116 |   1 |  348.0 |
               +--------+--------+--------+--------+--------+-----+--------+

Top non-repeatable levels by time:
     D:3: 1137 daAuts
     D:6: 1082 daAuts
     D:4: 1031 daAuts
     D:2: 942 daAuts
     D:5: 829 daAuts
     D:1: 800 daAuts
     D:7: 666 daAuts
 Ossuary: 348 daAuts
